 Dungeon Crawl Stone Soup version 0.28.0-45-g0d030f2227 (webtiles) character file.

Game seed: 18019794786828777125

6 GigaChad the Covered (level 1, 0/20 HPs)
             Began as a Minotaur Fighter on Apr 20, 2022.
             Frozen to death by an endoplasm (5 damage)
             ... on level 1 of the Dungeon.
             The game lasted 00:01:07 (84 turns).

GigaChad the Covered (Minotaur Fighter)               Turns: 84, Time: 00:01:08

Health: 0/20       AC:  7    Str: 20    XL:     1   Next: 75%
Magic:  0/0        EV:  9    Int:  5    God:
Gold:   0          SH:  4    Dex:  9    Spells: 0/0 levels left

rFire   . . .      SeeInvis .   a - +0 long sword
rCold   . . .      Faith    .   c - +0 buckler
rNeg    . . .      Spirit   .   b - +0 scale mail
rPois   .          Reflect  .   (helmet restricted)
rElec   .          Harm     .   (no cloak)
rCorr   .          Rampage  .   (no gloves)
Will    .....                   (no boots)
Stlth   ..........              (no amulet)
HPRegen 0.06/turn               (no ring)
MPRegen 0.07/turn               (no ring)

@: no status effects
A: horns 2, retaliatory headbutt
a: no special abilities


You were on level 1 of the Dungeon.
You visited 1 branch of the dungeon, and saw 1 of its levels.

Inventory:

Hand Weapons
 a - a +0 long sword (weapon)
Armour
 b - a +0 scale mail (worn)
 c - a +0 buckler (worn)
Potions
 d - a potion of might


   Skills:
 + Level 3.8 Fighting
 + Level 2.4 Long Blades
 + Level 3.9 Armour
 + Level 3.7 Shields


You couldn't memorise any spells.
You didn't know any spells.
Your spell library was empty.

Dungeon Overview and Level Annotations

Branches:
Dungeon (1/15)

Altars:


Innate Abilities, Weirdness & Mutations

You have a pair of horns on your head.
You reflexively headbutt those who attack you in melee.


Message History

You closely miss the hobgoblin.
The hobgoblin is heavily wounded.
The bat hits you. The bat hits you but does no damage.
The hobgoblin hits you but does no damage.
The bat barely misses you.
You slash the hobgoblin!
You kill the hobgoblin!
The bat barely misses you. x2; The bat hits you but does no damage.
You barely miss the bat. The bat hits you. The bat misses you.
You block the bat's attack.
The endoplasm hits you but does no damage.
The bat hits you but does no damage.
The endoplasm hits you but does no damage.
You hit the bat.
You kill the bat!
You block the bat's attack. The endoplasm freezes you.
You are frozen.
The bat hits you but does no damage. x2
The endoplasm hits you but does no damage.
Things that are here:
a bat corpse; a hobgoblin corpse You block the bat's attack.
The endoplasm barely misses you. The bat barely misses you.
You closely miss the bat. Your headbutt misses the bat. The bat hits you.
The endoplasm freezes you.
You are frozen.
* * * LOW HITPOINT WARNING * * *
You block the bat's attack. The bat hits you but does no damage.
The endoplasm barely misses you. You furiously retaliate!
You headbutt the endoplasm. You closely miss the bat.
The bat barely misses you.
The endoplasm hits you but does no damage.
The bat barely misses you. You block the endoplasm's attack.
You hit the bat but do no damage. The bat barely misses you.
You furiously retaliate!
You headbutt the bat.
You kill the bat!
The endoplasm freezes you.
You are frozen.
You die...

.# #...........# .#
#...........+
.#######...........#####
.......>...†............
.....#≈.................
.....≈.≈######!..#####
≈≈≈≈≈P⌠P≈# #...#######
......P≈.## ###†.......
..<...≈...# #@J......
......♣≈..# #........
≈≈≈≈≈♣⌠♣≈.# ##.#####.
#####≈♣≈#... ... #
##≈####.. .### ## .. ..
.. ... ...


You could see an endoplasm.

Vanquished Creatures
  An endoplasm (D:1)
  2 hobgoblins (D:1)
  2 bats (D:1)
  2 rats (D:1)
  A toadstool (D:1)
8 creatures vanquished.

Notes
Turn   | Place    | Note
-------+----------+-------------------------------------------
     0 | D:1      | GigaChad the Minotaur Fighter began the quest for the Orb.
     0 | D:1      | Reached XP level 1. HP: 19/19 MP: 0/0
    84 | D:1      | Frozen to death by an endoplasm

Illustrated notes

Levels and vault maps discovered:
D:1:      ldierk_water_garden, layout_basic, shapermc_ecumenical_altar_pompeii,
          minmay_stone_trees_medium

Action                   || total
-------------------------++-------
Melee: Long sword        ||    21
       Headbutt          ||     1
Armor: Scale mail        ||    28
Dodge: Dodged            ||    20
Block: Buckler           ||     8
